 Dungeon Sprint DCSS version 0.22-a0-32-ga749362 (webtiles) character file.

79 Kidiri the Skirmisher (level 4, -5/44 HPs)
             Began as a Hill Orc Fighter on Jan 3, 2018.
             Drowned by a water elemental (7 damage)
             ... in the Dungeon (Sprint III: "The Ten Rune Challenge").
             The game lasted 00:02:21 (579 turns).

Kidiri the Skirmisher (Hill Orc Fighter)             Turns: 579, Time: 00:02:23

Health: -5/44      AC: 11    Str: 19    XL:     4   Next: 38%
Magic:  4/4        EV:  5    Int:  8    God:
Gold:   24         SH: 10    Dex: 10    Spells: 3/3 levels left

rFire    + . .     SeeInvis .   a - +0 long sword
rCold    . . .     Gourm    .   c - +0 shield
rNeg     . . .     Faith    .   m - +0 chain mail
rPois    .         Spirit   .   (no helmet)
rElec    .         Reflect  .   e - +0 cloak
rCorr    .         Harm     .   (no gloves)
MR       .....     NoTele   +   (no boots)
Stlth    ..........             (no amulet)
HPRegen  0.14/turn              (no ring)
MPRegen  0.09/turn              (no ring)

@: engulfed (cannot breathe)
A: hooves 1, fire resistance 1, high mp 1
a: no special abilities


You were in the Dungeon.
You were not hungry.

You visited 1 branch You collected 24 gold pieces.

Inventory:

Hand Weapons
 a - a +0 long sword (weapon)
Armour
 c - a +0 shield (worn)
 e - a +0 cloak (worn)
 m - a +0 chain mail (worn)
Scrolls
 g - a scroll of holy word
 k - a scroll of blinking
 n - 2 scrolls of identify
 o - 3 scrolls of remove curse
 q - a scroll of torment
Potions
 d - a potion of might
 h - a potion of haste
 i - 2 potions of magic
 j - a potion of berserk rage
 p - 4 potions of flight
Comestibles
 f - 4 rations


   Skills:
 * Level 6.1 Fighting
 * Level 4.5 Long Blades
 * Level 5.7 Armour
 + Level 0.1 Dodging
 * Level 5.7 Shields


You had 3 spell levels left.
You didn't know any spells.

Dungeon Overview and Level Annotations

Branches:
Dungeon (1/1)

Altars:


Innate Abilities, Weirdness & Mutations

You have large cloven feet.
Your flesh is heat resistant. (rF+)
You have an increased reservoir of magic. (+10% MP)


Message History

The water elemental is severely damaged.
The water elemental hits you!
The water elemental engulfs you in water!
The water elemental hits you!
* * * LOW HITPOINT WARNING * * *
Unknown command.
With effort, you pull free of the water engulfing you.
You gasp with relief as air once again reaches your lungs.
You barely miss the water elemental.
The water elemental is severely damaged.
The water elemental hits you.
The water elemental engulfs you in water!
With effort, you pull free of the water engulfing you.
You gasp with relief as air once again reaches your lungs.
The water elemental hits you.
* * * LOW HITPOINT WARNING * * *
The water elemental engulfs you in water!
You barely miss the water elemental.
The water elemental is severely damaged.
You die...

▓..##....÷..#.[#..#
▓##.##.##...#..#..###+#+##
##.##.###..##+#..#.......
▓#.####.##..###...'.⌠.....
▓.###..##.)####...#...####
▓#.....##..###....#.⌠.#
###..##...##.....#...#
##..##....#.)E...#+###
#..###..##.#@....# #..#
#.. ####....# ▓▓▓▓ ▓▓▓
▓▓▓▓▓▓


You could see a water elemental.

Vanquished Creatures
  Crazy Yiuf (D)
  Jessica (D)
  A human (D)
  An ooze (D)
  2 rats (D)
6 creatures vanquished.

Vanquished Creatures (others)
  2 draconian scorchers (D)
  6 hellions (D)
  2 yaktaurs (D)
10 creatures vanquished.

Grand Total: 16 creatures vanquished

Notes
Turn   | Place    | Note
-------+----------+-------------------------------------------
     0 | D        | Kidiri the Hill Orc Fighter began the quest for the Orb.
     0 | D        | Reached XP level 1. HP: 19/19 MP: 1/1
    10 | D        | Reached skill level 4 in Fighting
    84 | D        | Killed a hellion
   120 | D        | Noticed Jessica
   123 | D        | Killed a hellion
   124 | D        | Killed a hellion
   125 | D        | Killed Jessica
   125 | D        | Reached skill level 5 in Fighting
   125 | D        | Reached XP level 2. HP: 29/29 MP: 2/2
   125 | D        | Reached XP level 3. HP: 36/36 MP: 3/3
   132 | D        | Killed a hellion
   136 | D        | Killed a yaktaur
   138 | D        | Killed a yaktaur
   156 | D        | Killed a hellion
   177 | D        | Killed a hellion
   179 | D        | Killed a white draconian scorcher
   181 | D        | Killed a white draconian scorcher
   184 | D        | Reached skill level 5 in Armour
   184 | D        | Reached skill level 5 in Shields
   288 | D        | Noticed Crazy Yiuf
   301 | D        | Killed Crazy Yiuf
   301 | D        | Reached skill level 6 in Fighting
   301 | D        | Reached XP level 4. HP: 15/44 MP: 4/4
   329 | D        | Gained mutation: Scrolls take you a little longer to read. [potion of mutation]
   329 | D        | Gained mutation: You are partially covered in icy blue scales. (AC +2) [potion of mutation]
   329 | D        | Gained mutation: You have sharp toenails. [potion of mutation]
   329 | D        | Lost mutation: Scrolls take you a little longer to read. [potion of mutation]
   330 | D        | Lost mutation: You have sharp toenails. [potion of mutation]
   330 | D        | Lost mutation: You are partially covered in icy blue scales. (AC +2) [potion of mutation]
   330 | D        | Gained mutation: You are clumsy. (Dex -2) [potion of mutation]
   330 | D        | Gained mutation: You are surrounded by a mild repulsion field. (EV +2) [potion of mutation]
   331 | D        | Lost mutation: You are clumsy. (Dex -2) [potion of mutation]
   331 | D        | Lost mutation: You are surrounded by a mild repulsion field. (EV +2) [potion of mutation]
   331 | D        | Gained mutation: You are clumsy. (Dex -2) [potion of mutation]
   331 | D        | Gained mutation: Your flesh is cold resistant. (rC+) [potion of mutation]
   331 | D        | Gained mutation: You are very clumsy. (Dex -4) [potion of mutation]
   331 | D        | Gained mutation: You are resistant to hostile enchantments. (MR+) [potion of mutation]
   332 | D        | Lost mutation: You are very clumsy. (Dex -4) [potion of mutation]
   332 | D        | Lost mutation: You are resistant to hostile enchantments. (MR+) [potion of mutation]
   332 | D        | Lost mutation: Your flesh is cold resistant. (rC+) [potion of mutation]
   332 | D        | Gained mutation: You are partially covered in slimy green scales. (AC +2) [potion of mutation]
   332 | D        | Gained mutation: Your spells are a little harder to cast, but a little more powerful. [potion of mutation]
   333 | D        | Lost mutation: You are clumsy. (Dex -2) [potion of mutation]
   333 | D        | Lost mutation: You are partially covered in slimy green scales. (AC +2) [potion of mutation]
   333 | D        | Lost mutation: Your spells are a little harder to cast, but a little more powerful. [potion of mutation]
   333 | D        | Gained mutation: You have large cloven feet. [potion of mutation]
   333 | D        | Gained mutation: Your body sometimes deteriorates upon taking damage. [potion of mutation]
   333 | D        | Gained mutation: Your natural rate of healing is unusually fast. [potion of mutation]
   334 | D        | Lost mutation: Your body sometimes deteriorates upon taking damage. [potion of mutation]
   334 | D        | Lost mutation: Your natural rate of healing is unusually fast. [potion of mutation]
   334 | D        | Gained mutation: Your flesh is heat resistant. (rF+) [potion of mutation]
   334 | D        | Gained mutation: You have an increased reservoir of magic. (+10% MP) [potion of mutation]
   565 | D        | Noticed a water elemental
   578 | D        | HP: 2/44 [water elemental (3)]
   579 | D        | Drowned by a water elemental

Vault maps used:
D:        dungeon_sprint_mu

Skill      XL: |  1  2  3 |
---------------+----------+-----
Fighting       | 5 6 |  6.1
Long Blades    | 3 4 |  4.5
Armour         | 4 5 |  5.7
Shields        | 4 5 |  5.7
Dodging        | |  0.1

Action                   |  1- 3 |  4- 6 || total
-------------------------+-------+-------++-------
Melee: Long sword        |    46 |     9 ||    55
       Kick              |       |     4 ||     4
  Use: Potion            |     2 |     6 ||     8
       Scroll            |       |     2 ||     2
Armor: Scale mail        |     8 |       ||     8
       Chain mail        |    10 |     3 ||    13
Dodge: Dodged            |    10 |     2 ||    12
Block: Shield            |    16 |     3 ||    19
       Rpst.: Long sword |     2 |     1 ||     3

Table legend:
 A = Spawn XP
 B = Non-spawn XP
 C = Spawn XP percentage of total XP
 D = Spawn monster count
 E = Non-spawn monster count
 F = Spawn count percentage of total count
 G = Total turns spent on level
                    A         B        C        D         E        F      G
               +---------+---------+-------+---------+---------+-------+---------
         Total |       0 |     114 |   0.0 |       0 |       6 |   0.0 |   579
               +---------+---------+-------+---------+---------+-------+---------
             D |       0 |     114 |   0.0 |       0 |       6 |   0.0 |   579
               +---------+---------+-------+---------+---------+-------+---------
